AoeStats
← Blazing Cartesia, The Virtuous

Arabia

503640374Analyzed
1v1 RM · 1mo ago on Sep 1, 2026· 45m 9s· 2 players
Game mode
Random Map
Map size
Tiny (2 player)
Population
200
Speed
Normal
Resources
Standard
Victory
Conquest
Starting age
Dark Age
Ending age
Imperial Age
RankedLock teamsTeams togetherTeam positionsShared explorationLock speedFull tech treeHidden civsTurbo modeCheats
Victory
Defeat
🇨🇳 Vietnamese · China
1251
+14
1213
-14
xpy
7:40 Loom
9:58 Feudal Age
10:55 Double-Bit Axe
10:51 Horse Collar
14:05 Wheelbarrow
20:13 Castle Age
18:51 Forging
18:47 Scale Barding Armor
19:40 Bloodlines
22:08 Light Cavalry
24:50 Chain Barding Armor
26:37 Bow Saw
26:28 Heavy Plow
29:44 Town Watch
32:14 Fletching
35:53 Imperial Age
33:37 Gold Mining
33:39 Stone Mining
34:30 Hand Cart
34:52 Fletching
35:17 Chatras
35:02 Pikeman
35:42 Squires
35:42 Bodkin Arrow
36:58 Paper Money
37:07 Bracer
37:30 Padded Archer Armor
38:32 Chemistry
38:47 Plate Barding Armor
38:37 Ballistics
38:21 Halberdier
41:14 Leather Archer Armor
43:51 Ring Archer Armor
43:25 Scale Mail Armor
44:42 Iron Casting
44:45 Stone Shaft Mining
44:41 Crop Rotation
44:36 Siege Engineers
Blazing Cartesia, The Virtuous
5:21 Loom
9:34 Feudal Age
10:18 Double-Bit Axe
15:36 Fletching
18:55 Wheelbarrow
23:12 Castle Age
21:16 Horse Collar
22:38 Gold Mining
23:01 Scale Barding Armor
23:14 Bloodlines
26:19 Chain Barding Armor
29:09 Scale Mail Armor
29:26 Bow Saw
29:12 Pikeman
30:09 Heavy Plow
32:04 Chain Mail Armor
34:20 Stone Mining
35:09 Gold Shaft Mining
36:42 Hand Cart
38:57 Imperial Age
37:52 Husbandry
39:06 Cavalier
40:38 Plate Barding Armor
40:58 Paladin
Connection lost

Rejoining the realm…

Still unreachable

The connection could not be restored.

Session expired

The server has moved on; the page needs a fresh start.